Thunderbirds vs Bears
Created - November 28, 2025 at 21:00
Goals
|
| Thunderbirds |
1 |
4 |
2 |
7 |
| Bears |
1 |
1 |
0 |
2 |
|
Shots
|
| Thunderbirds |
7 |
17 |
13 |
37 |
| Bears |
12 |
12 |
9 |
33 |
|
1st period
1. Thunderbirds , Rasmus Kupari 4 (Paul Cotter 2) at 17:58
2. Bears , Tanner Laczynski 10 (Eric Karlsson 4) at 18:12
Penalties :
Michael Rasmussen (Spr) for Cross-checking (Minor) at 5:58
2nd period
3. Thunderbirds , Emil Bemstrom 2 (Anthony Richard 7, Alex Vlasic 4) at 0:36
4. Thunderbirds , Emil Bemstrom 3 (Robert Thomas 6) at 0:46 (PP)
5. Thunderbirds , Robert Thomas 8 (Alex Vlasic 5) at 6:53
6. Bears , Tanner Laczynski 11 (Nicholas Caamano 8, Ryan Graves 1) at 13:26
7. Thunderbirds , Anthony Richard 6 (Luke Evangelista 3) at 18:49 (SH)
Penalties :
Jesper Pettersson (Her) for High sticking (Minor) at 0:45, Sami Niku (Spr) for Interference (Minor) at 18:37
3rd period
8. Thunderbirds , Emil Bemstrom 4 (Nicholas Robertson 4) at 13:19
9. Thunderbirds , Artturi Lehkonen 3 (Emil Bemstrom 7, Sami Niku 4) at 16:33
Penalties :
Jakob Pelletier (Spr) for Roughing (Double Minor) at 2:07
Goalie Stats
Emil Larmi (Spr), 31 saves from 33 shots - (0.939), W, 5-4-1, 60:00 minutes
Garret Sparks (Her), 18 saves from 23 shots - (0.783), L, 5-4-1, 38:49 minutes
Artyom Zagidulin (Her), 12 saves from 14 shots - (0.857), 21:11 minutes
Players Stats for Thunderbirds
Player Name G A P +/- PIM S H SB GA TA FO MP PP MP PK MP
------------------------------------------------------------------------------------
0 0 0 0 0 0 0 0 0 0 0/0 0:00 0:00 0:00
0 0 0 0 0 0 0 0 0 0 0/0 0:00 0:00 0:00
0 0 0 0 0 0 0 0 0 0 0/0 0:00 0:00 0:00
0 0 0 0 0 0 0 0 0 0 0/0 0:00 0:00 0:00
0 0 0 0 0 0 0 0 0 0 0/0 0:00 0:00 0:00
0 0 0 0 0 0 0 0 0 0 0/0 0:00 0:00 0:00
0 0 0 0 0 0 0 0 0 0 0/0 0:00 0:00 0:00
Alex Vlasic 0 2 2 3 0 1 0 0 0 1 0/0 23:38 0:01 4:04
Anthony Richard 1 1 2 3 0 8 5 1 0 0 8/17 18:50 0:00 4:25
Artturi Lehkonen 1 0 1 2 0 5 3 0 0 0 0/1 15:44 0:00 1:19
Calen Addison 0 0 0 0 0 0 0 0 0 1 0/0 20:39 0:00 4:31
Emil Bemstrom 3 1 4 2 0 7 0 0 0 1 0/1 14:26 0:01 0:00
Frederic Allard 0 0 0 2 0 0 0 1 0 0 0/0 19:20 0:00 3:03
Jakob Pelletier 0 0 0 0 4 1 0 0 0 0 1/1 8:27 0:00 0:00
Louis Crevier 0 0 0 0 0 0 2 0 0 0 0/0 13:10 0:00 1:25
Luke Evangelista 0 1 1 1 0 0 2 0 0 0 0/0 22:30 0:00 4:24
Matt Roy 0 0 0 2 0 0 0 1 1 0 0/0 23:00 0:00 2:11
Michael Rasmussen 0 0 0 0 2 2 4 0 2 0 2/3 18:12 0:00 0:00
Nicholas Robertson 0 1 1 0 0 0 1 0 0 0 0/0 8:24 0:00 0:00
Noah Gregor 0 0 0 0 0 1 1 0 2 0 2/3 10:58 0:00 2:14
Paul Cotter 0 1 1 1 0 2 2 0 0 1 0/0 10:48 0:01 0:00
Rasmus Kupari 1 0 1 1 0 2 1 0 0 0 5/10 10:47 0:00 0:00
Robert Thomas 1 1 2 0 0 2 1 0 0 0 12/25 19:25 0:01 1:18
Sami Niku 0 1 1 1 2 1 0 0 1 1 0/0 20:21 0:01 0:40
Trey Fix-Wolansky 0 0 0 1 0 5 0 0 2 0 0/0 13:21 0:00 2:14
Players Stats for Bears
Player Name G A P +/- PIM S H SB GA TA FO MP PP MP PK MP
------------------------------------------------------------------------------------
0 0 0 0 0 0 0 0 0 0 0/0 0:00 0:00 0:00
0 0 0 0 0 0 0 0 0 0 0/0 0:00 0:00 0:00
0 0 0 0 0 0 0 0 0 0 0/0 0:00 0:00 0:00
0 0 0 0 0 0 0 0 0 0 0/0 0:00 0:00 0:00
0 0 0 0 0 0 0 0 0 0 0/0 0:00 0:00 0:00
0 0 0 0 0 0 0 0 0 0 0/0 0:00 0:00 0:00
0 0 0 0 0 0 0 0 0 0 0/0 0:00 0:00 0:00
Blake Speers 0 0 0 -1 0 2 1 0 0 1 1/4 7:51 0:33 0:00
Cole Smith 0 0 0 -2 0 5 2 0 0 0 1/1 18:26 3:13 0:00
David Farrance 0 0 0 0 0 0 1 0 1 0 0/0 15:09 0:00 0:01
Eric Karlsson 0 1 1 0 0 3 3 0 1 0 0/1 22:09 4:07 0:00
Isaac Ratcliffe 0 0 0 -1 0 0 1 0 0 0 0/0 7:56 0:37 0:00
Jesper Pettersson 0 0 0 -4 2 1 1 1 0 0 0/0 25:23 4:48 0:00
Kevin Rooney 0 0 0 -2 0 5 1 0 0 0 11/17 18:27 3:13 0:01
Kirill Maksimov 0 0 0 -1 0 1 3 0 0 0 0/0 11:28 0:00 0:00
Mario Ferraro 0 0 0 0 0 0 0 1 0 1 0/0 15:08 0:00 0:00
Nathan Bastian 0 0 0 -2 0 0 3 2 0 0 0/1 15:43 0:37 0:00
Nicholas Caamano 0 1 1 0 0 1 0 0 0 0 0/0 22:10 4:07 0:01
Ryan Graves 0 1 1 0 0 1 0 2 0 2 0/0 19:27 3:09 0:00
Tanner Laczynski 2 0 2 0 0 8 2 1 1 1 16/33 22:14 4:11 0:00
Tim Gettinger 0 0 0 -1 0 0 0 1 0 1 0/0 7:18 0:00 0:00
Tommy Vannelli 0 0 0 -4 0 1 1 1 1 1 0/0 25:25 4:48 0:01
Vincent Dunn 0 0 0 -1 0 2 0 0 1 0 2/4 11:28 0:00 0:00
Vladimir Tkachev 0 0 0 -1 0 3 0 0 0 0 0/0 14:49 3:13 0:00
Will Reilly 0 0 0 0 0 0 0 0 0 1 0/0 19:27 3:09 0:00
3 Stars
1 - Emil Bemstrom (Spr)
2 - Anthony Richard (Spr)
3 - Artturi Lehkonen (Spr)
Power Play
Thunderbirds - 1 on 1 Attempt(s) - 100.00%
Bears - 0 on 4 Attempt(s) - 0.00%
Penalty Kill
Thunderbirds - 4 on 4 Attempt(s) - 100.00%
- Score 1 goal in Penalty Kill
Bears - 0 on 1 Attempt(s) - 0.00%
- Score 0 goal in Penalty Kill
Team Stat
Thunderbirds - Hits : 22 - Faceoff Wins : 30 - Blocked Shots : 3 - Penalty Minutes : 8
Bears - Hits : 19 - Faceoff Wins : 31 - Blocked Shots : 9 - Penalty Minutes : 2
Official
Referees : Chris Lee and Garrett Rank
Linesman : Ryan Gibbons and Kory Nagy
Game Notes
Artyom Zagidulin enters game at 18:49 of 2nd period
Emil Bemstrom has scored a Hat Trick!
Finance
Level 1 -- Attendance: 1884 (94.20%) -- Ticket Income $131,880
Level 2 -- Attendance: 966 (96.60%) -- Ticket Income $38,640
Total Attendance: 2850 (95.00%)
Total Ticket Income: $170,520
Other Income: $8,526
Total Income: $179,046
Thunderbirds
5 vs 5 Forward
Center Left Wing Right Wing Time % Phy DF OF
1 Robert Thomas Michael Rasmussen Luke Evangelista 40 1 2 2
2 Anthony Richard Artturi Lehkonen Emil Bemstrom 30 1 2 2
3 Rasmus Kupari Paul Cotter Trey Fix-Wolansky 20 1 2 2
4 Noah Gregor Jakob Pelletier Nicholas Robertson 10 1 2 2
5 vs 5 Defense
Defense Defense Time % Phy DF OF
1 Matt Roy Alex Vlasic 40 1 2 2
2 Frederic Allard Sami Niku 30 1 2 2
3 Louis Crevier Calen Addison 20 1 2 2
4 Calen Addison Sami Niku 10 1 2 2
PowerPlay Forward
Center Left Wing Right Wing Time % Phy DF OF
1 Robert Thomas Paul Cotter Emil Bemstrom 60 1 2 2
2 Anthony Richard Michael Rasmussen Trey Fix-Wolansky 40 1 2 2
PowerPlay Defense
Defense Defense Time % Phy DF OF
1 Sami Niku Alex Vlasic 60 1 2 2
2 Matt Roy Calen Addison 40 1 2 2
Penalty Kill 4 Players Forward
Center Wing Time % Phy DF OF
1 Anthony Richard Luke Evangelista 60 1 2 2
2 Noah Gregor Trey Fix-Wolansky 40 1 2 2
Penalty Kill 4 Players Defense
Defense Defense Time % Phy DF OF
1 Alex Vlasic Calen Addison 60 1 2 2
2 Matt Roy Frederic Allard 40 1 2 2
Penalty Kill - 3 Players Forward
Forward Time % Phy DF OF
1 Anthony Richard 60 1 2 2
2 Noah Gregor 40 1 2 2
Penalty Kill - 3 Players Defense
Defense Defense Time % Phy DF OF
1 Calen Addison Alex Vlasic 60 1 2 2
2 Matt Roy Frederic Allard 40 1 2 2
4 vs 4 Forward
Center Wing Time % Phy DF OF
1 Robert Thomas Michael Rasmussen 60 1 2 2
2 Noah Gregor Artturi Lehkonen 40 1 2 2
4 vs 4 Defense
Defense Defense Time % Phy DF OF
1 Alex Vlasic Sami Niku 60 1 2 2
2 Matt Roy Calen Addison 40 1 2 2
Last Minutes Offensive
Center Left Wing Right Wing Defense Defense
Robert Thomas Michael Rasmussen Luke Evangelista Calen Addison Sami Niku
Last Minutes Defensive
Center Left Wing Right Wing Defense Defense
Noah Gregor Artturi Lehkonen Trey Fix-Wolansky Alex Vlasic Frederic Allard
Goaltenders
Starting : Emil Larmi
Backup : Arturs Silovs
Extra Forwards
Normal : Trey Fix-Wolansky, Luke Evangelista, Jakob Pelletier - PP : Nicholas Robertson, Artturi Lehkonen - PK : Luke Evangelista
Extra Defensemen
Normal : Frederic Allard, Sami Niku, Calen Addison - PP : Sami Niku - PK : Frederic Allard, Louis Crevier
Penalty Shots
Anthony Richard, Nicholas Robertson, Rasmus Kupari, Trey Fix-Wolansky, Emil Bemstrom
Custom OT Lines Forwards
Noah Gregor, Trey Fix-Wolansky, Robert Thomas, Anthony Richard, Paul Cotter, Emil Bemstrom, Artturi Lehkonen, Michael Rasmussen, Nicholas Robertson, Jakob Pelletier
Custom OT Lines Defensemen
Sami Niku, Alex Vlasic, Louis Crevier, Frederic Allard, Matt Roy
Scratches
Brendan Brisson (Healthy), Sean Farrell (Healthy), Dylan Sikura (Healthy), Jared McIsaac (Healthy), Joel Blomqvist (Healthy)
Bears
5 vs 5 Forward
Center Left Wing Right Wing Time % Phy DF OF
1 Tanner Laczynski Eric Karlsson Nicholas Caamano 40 0 1 4
2 Kevin Rooney Cole Smith Nathan Bastian 30 0 1 4
3 Vincent Dunn Vladimir Tkachev Kirill Maksimov 20 0 1 4
4 Blake Speers Isaac Ratcliffe Tim Gettinger 10 0 2 3
5 vs 5 Defense
Defense Defense Time % Phy DF OF
1 Tommy Vannelli Jesper Pettersson 40 0 3 2
2 Ryan Graves Will Reilly 30 0 3 2
3 Mario Ferraro David Farrance 20 0 3 2
4 Tommy Vannelli Jesper Pettersson 10 0 3 2
PowerPlay Forward
Center Left Wing Right Wing Time % Phy DF OF
1 Tanner Laczynski Eric Karlsson Nicholas Caamano 60 0 0 5
2 Kevin Rooney Cole Smith Vladimir Tkachev 40 0 0 5
PowerPlay Defense
Defense Defense Time % Phy DF OF
1 Tommy Vannelli Jesper Pettersson 60 0 2 3
2 Ryan Graves Will Reilly 40 0 2 3
Penalty Kill 4 Players Forward
Center Wing Time % Phy DF OF
1 Kevin Rooney Nicholas Caamano 60 0 4 1
2 Vincent Dunn Cole Smith 40 0 4 1
Penalty Kill 4 Players Defense
Defense Defense Time % Phy DF OF
1 Tommy Vannelli Jesper Pettersson 60 0 4 1
2 Ryan Graves Will Reilly 40 0 4 1
Penalty Kill - 3 Players Forward
Forward Time % Phy DF OF
1 Kevin Rooney 60 0 5 0
2 Vincent Dunn 40 0 5 0
Penalty Kill - 3 Players Defense
Defense Defense Time % Phy DF OF
1 Tommy Vannelli Jesper Pettersson 60 0 5 0
2 Ryan Graves Will Reilly 40 0 5 0
4 vs 4 Forward
Center Wing Time % Phy DF OF
1 Tanner Laczynski Eric Karlsson 60 0 1 4
2 Kevin Rooney Cole Smith 40 0 1 4
4 vs 4 Defense
Defense Defense Time % Phy DF OF
1 Tommy Vannelli Jesper Pettersson 60 0 3 2
2 Ryan Graves Will Reilly 40 0 3 2
Last Minutes Offensive
Center Left Wing Right Wing Defense Defense
Tanner Laczynski Eric Karlsson Nicholas Caamano Tommy Vannelli Jesper Pettersson
Last Minutes Defensive
Center Left Wing Right Wing Defense Defense
Tanner Laczynski Eric Karlsson Nicholas Caamano Tommy Vannelli Jesper Pettersson
Goaltenders
Starting : Garret Sparks
Backup : Artyom Zagidulin
Extra Forwards
Normal : Tanner Laczynski, Kevin Rooney, Eric Karlsson - PP : Tanner Laczynski, Eric Karlsson - PK : Kevin Rooney
Extra Defensemen
Normal : Tommy Vannelli, Jesper Pettersson, Ryan Graves - PP : Tommy Vannelli - PK : Tommy Vannelli, Jesper Pettersson
Penalty Shots
Tanner Laczynski, Eric Karlsson, Kevin Rooney, Cole Smith, Vladimir Tkachev
Custom OT Lines Forwards
Tanner Laczynski, Eric Karlsson, Kevin Rooney, Cole Smith, Vladimir Tkachev, Vincent Dunn, Nicholas Caamano, Nathan Bastian, Blake Speers, Isaac Ratcliffe
Custom OT Lines Defensemen
Tommy Vannelli, Jesper Pettersson, Ryan Graves, Will Reilly, David Farrance
Scratches
Cole Ully (Strained Back Injury), Emil Johansson (Sprained Left Ankle Injury), Oliver Tarnstrom (Healthy), Mackenze Stewart (Healthy), Zack Hayes (Healthy)
Michael Prapavessis (Back Spasms Injury), Jakob Stenqvist (Healthy), Arvid Henrikson (Healthy), Jeremy Michel (Healthy)
% Time on Ice - Thunderbirds
Lines # - Real PCT - Wanted PCT - Time Play
Normal Forward
1 - 35% - 40% - 18:06
2 - 28% - 30% - 14:45
3 - 21% - 20% - 10:47
4 - 16% - 10% - 8:24
Normal Defense
1 - 38% - 40% - 19:44
2 - 31% - 30% - 16:17
3 - 22% - 20% - 11:34
4 - 9% - 10% - 4:27
PP Forward
1 - 100% - 60% - 0:01
2 - 0% - 40% - 0:00
PP Defense
1 - 100% - 60% - 0:01
2 - 0% - 40% - 0:00
PK Forward
1 - 72% - 60% - 5:43
2 - 28% - 40% - 2:14
PK Defense
1 - 73% - 60% - 5:46
2 - 27% - 40% - 2:11
PK3 Forward
1 - 0% - 60%
2 - 0% - 40%
PK3 Defense
1 - 0% - 60%
2 - 0% - 40%
44 Forward
1 - 0% - 60%
2 - 0% - 40%
44 Defense
1 - 0% - 60%
2 - 0% - 40%
Last Minute Offensive - 0:00
Last Minute Defensive - 0:00
Total
Forward - 60:00
Defense - 60:00
|
% Time on Ice - Bears
Lines # - Real PCT - Wanted PCT - Time Play
Normal Forward
1 - 35% - 40% - 18:03
2 - 29% - 30% - 15:13
3 - 22% - 20% - 11:28
4 - 14% - 10% - 7:18
Normal Defense
1 - 36% - 40% - 18:47
2 - 31% - 30% - 16:18
3 - 29% - 20% - 15:08
4 - 3% - 10% - 1:49
PP Forward
1 - 58% - 60% - 4:37
2 - 42% - 40% - 3:20
PP Defense
1 - 60% - 60% - 4:48
2 - 40% - 40% - 3:09
PK Forward
1 - 100% - 60% - 0:01
2 - 0% - 40% - 0:00
PK Defense
1 - 100% - 60% - 0:01
2 - 0% - 40% - 0:00
PK3 Forward
1 - 0% - 60%
2 - 0% - 40%
PK3 Defense
1 - 0% - 60%
2 - 0% - 40%
44 Forward
1 - 0% - 60%
2 - 0% - 40%
44 Defense
1 - 0% - 60%
2 - 0% - 40%
Last Minute Offensive - 0:00
Last Minute Defensive - 0:00
Total
Forward - 60:00
Defense - 60:00
|
Play-by-Play
1st period
0:01 of 1st period - Robert Thomas wins face-off versus Tanner Laczynski in neutral zone.
0:16 of 1st period - Snap shot by Eric Karlsson.
0:16 of 1st period - Stopped by Emil Larmi with a rebound.
0:49 of 1st period - Sami Niku is hit by Kirill Maksimov and loses puck.
1:14 of 1st period - Slapshot by Blake Speers.
1:14 of 1st period - Stopped by Emil Larmi with a rebound.
1:16 of 1st period - Slapshot by Jesper Pettersson.
1:16 of 1st period - Deflect By Noah Gregor.
1:16 of 1st period - Stopped by Emil Larmi with a rebound.
2:00 of 1st period - Wrist shot by Cole Smith.
2:00 of 1st period - Stopped by Emil Larmi with a rebound.
2:23 of 1st period - Wrist shot by Rasmus Kupari.
2:23 of 1st period - Deflect By Paul Cotter.
2:23 of 1st period - Shot Misses the Net.
2:23 of 1st period - Puck is out of play.
2:24 of 1st period - Rasmus Kupari wins face-off versus Tanner Laczynski in Bears zone.
2:49 of 1st period - Alex Vlasic is hit by Kirill Maksimov.
2:55 of 1st period - Wrist shot by Vincent Dunn.
2:55 of 1st period - Stopped by Emil Larmi with a rebound.
3:09 of 1st period - Matt Roy is hit by Nathan Bastian and loses puck.
3:35 of 1st period - Wrist shot by Rasmus Kupari.
3:35 of 1st period - Shot Hit the Post.
3:37 of 1st period - Snap shot by Rasmus Kupari.
3:37 of 1st period - Shot Blocked by Ryan Graves.
3:39 of 1st period - Snap shot by Calen Addison.
3:39 of 1st period - Shot Blocked by Tim Gettinger.
4:21 of 1st period - Slapshot by Artturi Lehkonen.
4:21 of 1st period - Stopped by Garret Sparks with a rebound.
4:23 of 1st period - Snap shot by Artturi Lehkonen.
4:23 of 1st period - Stopped by Garret Sparks without a rebound.
4:24 of 1st period - Tanner Laczynski wins face-off versus Robert Thomas in Bears zone.
4:37 of 1st period - Wrist shot by Eric Karlsson.
4:37 of 1st period - Shot Misses the Net.
5:19 of 1st period - Backhand shot by Trey Fix-Wolansky.
5:19 of 1st period - Stopped by Garret Sparks with a rebound.
5:58 of 1st period - Minor Penalty to Michael Rasmussen for Cross-checking.
5:59 of 1st period - Tanner Laczynski wins face-off versus Anthony Richard in Thunderbirds zone.
6:57 of 1st period - Louis Crevier is hit by Eric Karlsson and loses puck.
7:57 of 1st period - Louis Crevier is hit by Tanner Laczynski.
7:58 of 1st period - Penalty to Michael Rasmussen is over, Michael Rasmussen is back on ice.
8:04 of 1st period - Off-side.
8:05 of 1st period - Robert Thomas wins face-off versus Blake Speers in neutral zone.
8:16 of 1st period - Snap shot by Blake Speers.
8:16 of 1st period - Shot Misses the Net.
8:18 of 1st period - Snap shot by Blake Speers.
8:18 of 1st period - Stopped by Emil Larmi with a rebound.
9:28 of 1st period - Off-side.
9:29 of 1st period - Tanner Laczynski wins face-off versus Robert Thomas in neutral zone.
9:54 of 1st period - Snap shot by Trey Fix-Wolansky.
9:54 of 1st period - Deflect By Paul Cotter.
9:54 of 1st period - Stopped by Garret Sparks without a rebound.
9:55 of 1st period - Kevin Rooney wins face-off versus Rasmus Kupari in Bears zone.
9:55 of 1st period - Kevin Rooney is hit by Paul Cotter.
10:05 of 1st period - Snap shot by Cole Smith.
10:05 of 1st period - Stopped by Emil Larmi with a rebound.
10:25 of 1st period - Snap shot by Michael Rasmussen.
10:25 of 1st period - Shot Misses the Net.
10:55 of 1st period - Slapshot by Eric Karlsson.
10:55 of 1st period - Stopped by Emil Larmi without a rebound.
10:56 of 1st period - Kevin Rooney wins face-off versus Robert Thomas in Thunderbirds zone.
11:34 of 1st period - Off-side.
11:35 of 1st period - Rasmus Kupari wins face-off versus Tanner Laczynski in neutral zone.
11:46 of 1st period - Slapshot by Tanner Laczynski.
11:46 of 1st period - Stopped by Emil Larmi without a rebound.
11:47 of 1st period - Robert Thomas wins face-off versus Tanner Laczynski in Thunderbirds zone.
11:56 of 1st period - Eric Karlsson is hit by Luke Evangelista and loses puck.
12:02 of 1st period - Off-side.
12:03 of 1st period - Kevin Rooney wins face-off versus Anthony Richard in neutral zone.
12:18 of 1st period - Snap shot by Anthony Richard.
12:18 of 1st period - Stopped by Garret Sparks with a rebound.
12:53 of 1st period - Slapshot by Vladimir Tkachev.
12:53 of 1st period - Stopped by Emil Larmi without a rebound.
12:54 of 1st period - Rasmus Kupari wins face-off versus Kevin Rooney in Thunderbirds zone.
13:19 of 1st period - Michael Rasmussen is hit by Eric Karlsson and loses puck.
13:39 of 1st period - Icing by Alex Vlasic.
13:40 of 1st period - Noah Gregor wins face-off versus Vincent Dunn in Thunderbirds zone.
13:45 of 1st period - Tommy Vannelli is hit by Noah Gregor and loses puck.
14:26 of 1st period - Wrist shot by Emil Bemstrom.
14:26 of 1st period - Shot Misses the Net.
14:28 of 1st period - Slapshot by Emil Bemstrom.
14:28 of 1st period - Shot Misses the Net.
14:30 of 1st period - Wrist shot by Artturi Lehkonen.
14:30 of 1st period - Stopped by Garret Sparks without a rebound.
14:31 of 1st period - Kevin Rooney wins face-off versus Anthony Richard in Bears zone.
14:40 of 1st period - Kevin Rooney is hit by Anthony Richard and loses puck.
15:13 of 1st period - Wrist shot by Kevin Rooney.
15:13 of 1st period - Stopped by Emil Larmi without a rebound.
15:14 of 1st period - Robert Thomas wins face-off versus Tanner Laczynski in Thunderbirds zone.
15:39 of 1st period - Kirill Maksimov is hit by Nicholas Robertson.
16:42 of 1st period - Michael Rasmussen is hit by Nathan Bastian and loses puck.
17:27 of 1st period - Off-side.
17:28 of 1st period - Kevin Rooney wins face-off versus Robert Thomas in neutral zone.
17:53 of 1st period - Tommy Vannelli is hit by Louis Crevier and loses puck.
17:58 of 1st period - Backhand shot by Rasmus Kupari.
17:58 of 1st period - Goal by Rasmus Kupari - Thunderbirds : 1 - Bears : 0.
17:59 of 1st period - Robert Thomas wins face-off versus Tanner Laczynski in neutral zone.
18:12 of 1st period - Slapshot by Tanner Laczynski.
18:12 of 1st period - Goal by Tanner Laczynski - Thunderbirds : 1 - Bears : 1.
18:13 of 1st period - Robert Thomas wins face-off versus Tanner Laczynski in neutral zone.
18:18 of 1st period - Wrist shot by Luke Evangelista.
18:18 of 1st period - Shot Misses the Net.
18:20 of 1st period - Snap shot by Luke Evangelista.
18:20 of 1st period - Shot Misses the Net.
18:22 of 1st period - Slapshot by Robert Thomas.
18:22 of 1st period - Shot Blocked by Tommy Vannelli.
18:38 of 1st period - Matt Roy is hit by Cole Smith and loses puck.
19:06 of 1st period - Off-side.
19:07 of 1st period - Tanner Laczynski wins face-off versus Robert Thomas in neutral zone.
19:45 of 1st period - Will Reilly is hit by Artturi Lehkonen.
Goals for this period are 1 for Thunderbirds vs 1 for Bears.
Shots for this period are 7 for Thunderbirds vs 12 for Bears.
2nd period
0:01 of 2nd period - Robert Thomas wins face-off versus Tanner Laczynski in neutral zone.
0:04 of 2nd period - Eric Karlsson is hit by Michael Rasmussen and loses puck.
0:25 of 2nd period - Tommy Vannelli is hit by Anthony Richard and loses puck.
0:32 of 2nd period - Wrist shot by Anthony Richard.
0:32 of 2nd period - Shot Misses the Net.
0:34 of 2nd period - Slapshot by Alex Vlasic.
0:34 of 2nd period - Shot Misses the Net.
0:36 of 2nd period - Wrist shot by Anthony Richard.
0:36 of 2nd period - Deflect By Emil Bemstrom.
0:36 of 2nd period - Goal by Emil Bemstrom - Thunderbirds : 2 - Bears : 1.
0:37 of 2nd period - Tanner Laczynski wins face-off versus Robert Thomas in neutral zone.
0:45 of 2nd period - Minor Penalty to Jesper Pettersson for High sticking.
0:46 of 2nd period - Robert Thomas wins face-off versus Kevin Rooney in Bears zone.
0:46 of 2nd period - Wrist shot by Emil Bemstrom.
0:46 of 2nd period - Goal by Emil Bemstrom - Thunderbirds : 3 - Bears : 1.
0:47 of 2nd period - Robert Thomas wins face-off versus Tanner Laczynski in neutral zone.
1:14 of 2nd period - Jesper Pettersson is hit by Artturi Lehkonen.
1:21 of 2nd period - Icing by Emil Bemstrom.
1:22 of 2nd period - Tanner Laczynski wins face-off versus Emil Bemstrom in Thunderbirds zone.
1:25 of 2nd period - Snap shot by Eric Karlsson.
1:25 of 2nd period - Shot Misses the Net.
1:27 of 2nd period - Backhand shot by Eric Karlsson.
1:27 of 2nd period - Shot Misses the Net.
1:29 of 2nd period - Wrist shot by Tanner Laczynski.
1:29 of 2nd period - Shot Misses the Net.
1:31 of 2nd period - Slapshot by Tanner Laczynski.
1:31 of 2nd period - Shot Blocked by Frederic Allard.
1:37 of 2nd period - Slapshot by Tanner Laczynski.
1:37 of 2nd period - Stopped by Emil Larmi without a rebound.
1:38 of 2nd period - Robert Thomas wins face-off versus Kevin Rooney in Thunderbirds zone.
2:12 of 2nd period - Slapshot by Eric Karlsson.
2:12 of 2nd period - Shot Misses the Net.
2:22 of 2nd period - Snap shot by Trey Fix-Wolansky.
2:22 of 2nd period - Stopped by Garret Sparks without a rebound.
2:23 of 2nd period - Vincent Dunn wins face-off versus Rasmus Kupari in Bears zone.
2:28 of 2nd period - Wrist shot by Trey Fix-Wolansky.
2:28 of 2nd period - Shot Misses the Net.
2:30 of 2nd period - Slapshot by Sami Niku.
2:30 of 2nd period - Stopped by Garret Sparks with a rebound.
2:32 of 2nd period - Slapshot by Trey Fix-Wolansky.
2:32 of 2nd period - Stopped by Garret Sparks with a rebound.
2:50 of 2nd period - Mario Ferraro is hit by Michael Rasmussen and loses puck.
4:28 of 2nd period - Jakob Pelletier is hit by Nathan Bastian and loses puck.
4:42 of 2nd period - Icing by Will Reilly.
4:43 of 2nd period - Michael Rasmussen wins face-off versus Blake Speers in Bears zone.
5:15 of 2nd period - Wrist shot by Anthony Richard.
5:15 of 2nd period - Deflect By Emil Bemstrom.
5:15 of 2nd period - Stopped by Garret Sparks with a rebound.
5:17 of 2nd period - Snap shot by Anthony Richard.
5:17 of 2nd period - Stopped by Garret Sparks without a rebound.
5:18 of 2nd period - Anthony Richard wins face-off versus Tanner Laczynski in Bears zone.
5:22 of 2nd period - Icing by Nicholas Caamano.
5:23 of 2nd period - Anthony Richard wins face-off versus Tanner Laczynski in Bears zone.
6:14 of 2nd period - Snap shot by Tanner Laczynski.
6:14 of 2nd period - Shot Misses the Net.
6:22 of 2nd period - Snap shot by Tanner Laczynski.
6:22 of 2nd period - Stopped by Emil Larmi without a rebound.
6:23 of 2nd period - Cole Smith wins face-off versus Anthony Richard in Thunderbirds zone.
6:48 of 2nd period - Jesper Pettersson is hit by Michael Rasmussen and loses puck.
6:53 of 2nd period - Slapshot by Robert Thomas.
6:53 of 2nd period - Goal by Robert Thomas - Thunderbirds : 4 - Bears : 1.
6:54 of 2nd period - Kevin Rooney wins face-off versus Robert Thomas in neutral zone.
6:57 of 2nd period - Slapshot by Nathan Bastian.
6:57 of 2nd period - Deflect By Kevin Rooney.
6:57 of 2nd period - Stopped by Emil Larmi without a rebound.
6:58 of 2nd period - Kevin Rooney wins face-off versus Michael Rasmussen in Thunderbirds zone.
6:59 of 2nd period - Wrist shot by Cole Smith.
6:59 of 2nd period - Stopped by Emil Larmi with a rebound.
7:09 of 2nd period - Slapshot by Michael Rasmussen.
7:09 of 2nd period - Shot Misses the Net.
8:14 of 2nd period - Slapshot by Sami Niku.
8:14 of 2nd period - Shot Misses the Net.
8:16 of 2nd period - Snap shot by Michael Rasmussen.
8:16 of 2nd period - Shot Blocked by Ryan Graves.
8:56 of 2nd period - Wrist shot by Anthony Richard.
8:56 of 2nd period - Stopped by Garret Sparks with a rebound.
9:36 of 2nd period - Vladimir Tkachev is hit by Paul Cotter and loses puck.
9:43 of 2nd period - Jesper Pettersson is hit by Rasmus Kupari and loses puck.
9:56 of 2nd period - Slapshot by Cole Smith.
9:56 of 2nd period - Stopped by Emil Larmi without a rebound.
9:57 of 2nd period - Noah Gregor wins face-off versus Nathan Bastian in Thunderbirds zone.
10:06 of 2nd period - Backhand shot by Noah Gregor.
10:06 of 2nd period - Stopped by Garret Sparks with a rebound.
10:10 of 2nd period - Snap shot by Noah Gregor.
10:10 of 2nd period - Deflect By Jakob Pelletier.
10:10 of 2nd period - Stopped by Garret Sparks with a rebound.
10:38 of 2nd period - David Farrance is hit by Michael Rasmussen and loses puck.
11:02 of 2nd period - Slapshot by Vincent Dunn.
11:02 of 2nd period - Stopped by Emil Larmi without a rebound.
11:03 of 2nd period - Anthony Richard wins face-off versus Tanner Laczynski in Thunderbirds zone.
11:10 of 2nd period - Slapshot by Emil Bemstrom.
11:10 of 2nd period - Stopped by Garret Sparks with a rebound.
11:12 of 2nd period - Slapshot by Matt Roy.
11:12 of 2nd period - Shot Misses the Net.
11:14 of 2nd period - Slapshot by Matt Roy.
11:14 of 2nd period - Shot Blocked by Tanner Laczynski.
11:16 of 2nd period - Slapshot by Artturi Lehkonen.
11:16 of 2nd period - Shot Blocked by Jesper Pettersson.
11:18 of 2nd period - Slapshot by Artturi Lehkonen.
11:18 of 2nd period - Shot Misses the Net.
11:32 of 2nd period - Alex Vlasic is hit by Tommy Vannelli and loses puck.
12:09 of 2nd period - Eric Karlsson is hit by Anthony Richard and loses puck.
12:16 of 2nd period - Alex Vlasic is hit by Eric Karlsson and loses puck.
12:31 of 2nd period - Michael Rasmussen is hit by David Farrance and loses puck.
12:44 of 2nd period - Rasmus Kupari is hit by Cole Smith and loses puck.
12:55 of 2nd period - Trey Fix-Wolansky is hit by Kevin Rooney and loses puck.
13:14 of 2nd period - Wrist shot by Emil Bemstrom.
13:14 of 2nd period - Deflect By Artturi Lehkonen.
13:14 of 2nd period - Shot Misses the Net.
13:14 of 2nd period - Puck is out of play.
13:15 of 2nd period - Tanner Laczynski wins face-off versus Artturi Lehkonen in Bears zone.
13:26 of 2nd period - Snap shot by Tanner Laczynski.
13:26 of 2nd period - Goal by Tanner Laczynski - Thunderbirds : 4 - Bears : 2.
13:27 of 2nd period - Robert Thomas wins face-off versus Tanner Laczynski in neutral zone.
14:18 of 2nd period - Snap shot by Paul Cotter.
14:18 of 2nd period - Shot Misses the Net.
14:20 of 2nd period - Wrist shot by Paul Cotter.
14:20 of 2nd period - Stopped by Garret Sparks without a rebound.
14:21 of 2nd period - Tanner Laczynski wins face-off versus Robert Thomas in Bears zone.
14:21 of 2nd period - Tanner Laczynski is hit by Luke Evangelista.
14:31 of 2nd period - Slapshot by Michael Rasmussen.
14:31 of 2nd period - Stopped by Garret Sparks without a rebound.
14:32 of 2nd period - Tanner Laczynski wins face-off versus Robert Thomas in Bears zone.
15:05 of 2nd period - Snap shot by Cole Smith.
15:05 of 2nd period - Stopped by Emil Larmi without a rebound.
15:06 of 2nd period - Anthony Richard wins face-off versus Kevin Rooney in Thunderbirds zone.
15:11 of 2nd period - Snap shot by Emil Bemstrom.
15:11 of 2nd period - Stopped by Garret Sparks with a rebound.
15:13 of 2nd period - Wrist shot by Emil Bemstrom.
15:13 of 2nd period - Shot Misses the Net.
16:01 of 2nd period - Snap shot by Tanner Laczynski.
16:01 of 2nd period - Stopped by Emil Larmi without a rebound.
16:02 of 2nd period - Robert Thomas wins face-off versus Tanner Laczynski in Thunderbirds zone.
17:19 of 2nd period - Wrist shot by Kirill Maksimov.
17:19 of 2nd period - Shot Blocked by Matt Roy.
17:33 of 2nd period - Slapshot by Eric Karlsson.
17:33 of 2nd period - Stopped by Emil Larmi without a rebound.
17:34 of 2nd period - Rasmus Kupari wins face-off versus Tanner Laczynski in Thunderbirds zone.
18:00 of 2nd period - Cole Smith is hit by Anthony Richard and loses puck.
18:37 of 2nd period - Minor Penalty to Sami Niku for Interference.
18:38 of 2nd period - Tanner Laczynski wins face-off versus Anthony Richard in Thunderbirds zone.
18:39 of 2nd period - Wrist shot by Eric Karlsson.
18:39 of 2nd period - Shot Misses the Net.
18:49 of 2nd period - Snap shot by Luke Evangelista.
18:49 of 2nd period - Deflect By Anthony Richard.
18:49 of 2nd period - Goal by Anthony Richard - Thunderbirds : 5 - Bears : 2.
18:49 of 2nd period - Artyom Zagidulin enters game.
18:50 of 2nd period - Tanner Laczynski wins face-off versus Anthony Richard in neutral zone.
19:06 of 2nd period - Slapshot by Tommy Vannelli.
19:06 of 2nd period - Stopped by Emil Larmi with a rebound.
19:21 of 2nd period - Snap shot by Vladimir Tkachev.
19:21 of 2nd period - Stopped by Emil Larmi with a rebound.
19:39 of 2nd period - Wrist shot by Trey Fix-Wolansky.
19:39 of 2nd period - Stopped by Artyom Zagidulin without a rebound.
19:40 of 2nd period - Kevin Rooney wins face-off versus Noah Gregor in Bears zone.
Goals for this period are 4 for Thunderbirds vs 1 for Bears.
Shots for this period are 17 for Thunderbirds vs 12 for Bears.
3rd period
0:01 of 3rd period - Anthony Richard wins face-off versus Tanner Laczynski in neutral zone.
0:04 of 3rd period - Tommy Vannelli is hit by Anthony Richard and loses puck.
0:37 of 3rd period - Penalty to Sami Niku is over, Sami Niku is back on ice.
0:37 of 3rd period - Snap shot by Vladimir Tkachev.
0:37 of 3rd period - Stopped by Emil Larmi with a rebound.
0:39 of 3rd period - Snap shot by Cole Smith.
0:39 of 3rd period - Deflect By Kevin Rooney.
0:39 of 3rd period - Stopped by Emil Larmi with a rebound.
0:41 of 3rd period - Snap shot by Jesper Pettersson.
0:41 of 3rd period - Shot Misses the Net.
0:50 of 3rd period - Icing by Trey Fix-Wolansky.
0:51 of 3rd period - Rasmus Kupari wins face-off versus Blake Speers in Thunderbirds zone.
1:35 of 3rd period - Nathan Bastian is hit by Artturi Lehkonen and loses puck.
1:46 of 3rd period - Snap shot by Emil Bemstrom.
1:46 of 3rd period - Shot Blocked by Mario Ferraro.
2:07 of 3rd period - Double Minor Penalty to Jakob Pelletier for Roughing.
2:08 of 3rd period - Tanner Laczynski wins face-off versus Anthony Richard in Thunderbirds zone.
2:08 of 3rd period - Backhand shot by Nicholas Caamano.
2:08 of 3rd period - Shot Blocked by Anthony Richard.
2:18 of 3rd period - Wrist shot by Anthony Richard.
2:18 of 3rd period - Stopped by Artyom Zagidulin with a rebound.
2:22 of 3rd period - Snap shot by Anthony Richard.
2:22 of 3rd period - Stopped by Artyom Zagidulin without a rebound.
2:23 of 3rd period - Anthony Richard wins face-off versus Tanner Laczynski in Bears zone.
2:39 of 3rd period - Off-side.
2:40 of 3rd period - Kevin Rooney wins face-off versus Anthony Richard in neutral zone.
2:45 of 3rd period - Wrist shot by Kevin Rooney.
2:45 of 3rd period - Stopped by Emil Larmi without a rebound.
2:46 of 3rd period - Anthony Richard wins face-off versus Kevin Rooney in Thunderbirds zone.
6:04 of 3rd period - Nathan Bastian is hit by Louis Crevier.
6:07 of 3rd period - Penalty to Jakob Pelletier is over, Jakob Pelletier is back on ice.
6:26 of 3rd period - Icing by Vladimir Tkachev.
6:27 of 3rd period - Jakob Pelletier wins face-off versus Vincent Dunn in Bears zone.
7:00 of 3rd period - Icing by Isaac Ratcliffe.
7:01 of 3rd period - Michael Rasmussen wins face-off versus Kevin Rooney in Bears zone.
8:08 of 3rd period - Off-side.
8:09 of 3rd period - Blake Speers wins face-off versus Rasmus Kupari in neutral zone.
8:16 of 3rd period - Wrist shot by Rasmus Kupari.
8:16 of 3rd period - Deflect By Paul Cotter.
8:16 of 3rd period - Shot Misses the Net.
8:16 of 3rd period - Puck is out of play.
8:17 of 3rd period - Tanner Laczynski wins face-off versus Robert Thomas in Bears zone.
8:43 of 3rd period - Slapshot by Trey Fix-Wolansky.
8:43 of 3rd period - Stopped by Artyom Zagidulin without a rebound.
8:44 of 3rd period - Kevin Rooney wins face-off versus Rasmus Kupari in Bears zone.
9:00 of 3rd period - Off-side.
9:01 of 3rd period - Tanner Laczynski wins face-off versus Robert Thomas in neutral zone.
9:14 of 3rd period - Snap shot by Tanner Laczynski.
9:14 of 3rd period - Stopped by Emil Larmi with a rebound.
9:16 of 3rd period - Snap shot by Tanner Laczynski.
9:16 of 3rd period - Stopped by Emil Larmi with a rebound.
9:30 of 3rd period - Snap shot by Vladimir Tkachev.
9:30 of 3rd period - Shot Misses the Net.
9:32 of 3rd period - Slapshot by Ryan Graves.
9:32 of 3rd period - Deflect By Michael Rasmussen.
9:32 of 3rd period - Stopped by Emil Larmi with a rebound.
9:34 of 3rd period - Snap shot by Kirill Maksimov.
9:34 of 3rd period - Stopped by Emil Larmi with a rebound.
9:50 of 3rd period - Snap shot by Emil Bemstrom.
9:50 of 3rd period - Shot Misses the Net.
9:54 of 3rd period - Snap shot by Anthony Richard.
9:54 of 3rd period - Stopped by Artyom Zagidulin with a rebound.
9:56 of 3rd period - Slapshot by Alex Vlasic.
9:56 of 3rd period - Stopped by Artyom Zagidulin with a rebound.
9:58 of 3rd period - Snap shot by Artturi Lehkonen.
9:58 of 3rd period - Stopped by Artyom Zagidulin with a rebound.
10:30 of 3rd period - Nicholas Robertson is hit by Blake Speers and loses puck.
10:51 of 3rd period - Snap shot by Anthony Richard.
10:51 of 3rd period - Stopped by Artyom Zagidulin without a rebound.
10:52 of 3rd period - Vincent Dunn wins face-off versus Anthony Richard in Bears zone.
11:58 of 3rd period - Nicholas Robertson is hit by Isaac Ratcliffe and loses puck.
12:17 of 3rd period - Artturi Lehkonen is hit by Kirill Maksimov and loses puck.
12:46 of 3rd period - Louis Crevier is hit by Tanner Laczynski and loses puck.
13:03 of 3rd period - Slapshot by Rasmus Kupari.
13:03 of 3rd period - Shot Blocked by Nathan Bastian.
13:19 of 3rd period - Snap shot by Emil Bemstrom.
13:19 of 3rd period - Goal by Emil Bemstrom - Thunderbirds : 6 - Bears : 2.
13:20 of 3rd period - Tanner Laczynski wins face-off versus Robert Thomas in neutral zone.
13:33 of 3rd period - Slapshot by Michael Rasmussen.
13:33 of 3rd period - Stopped by Artyom Zagidulin with a rebound.
14:13 of 3rd period - Snap shot by Paul Cotter.
14:13 of 3rd period - Shot Blocked by Nathan Bastian.
14:27 of 3rd period - Slapshot by Blake Speers.
14:27 of 3rd period - Shot Misses the Net.
15:00 of 3rd period - Snap shot by Nicholas Caamano.
15:00 of 3rd period - Stopped by Emil Larmi with a rebound.
16:27 of 3rd period - Off-side.
16:28 of 3rd period - Anthony Richard wins face-off versus Eric Karlsson in neutral zone.
16:31 of 3rd period - Slapshot by Sami Niku.
16:31 of 3rd period - Deflect By Emil Bemstrom.
16:31 of 3rd period - Stopped by Artyom Zagidulin with a rebound.
16:33 of 3rd period - Snap shot by Artturi Lehkonen.
16:33 of 3rd period - Goal by Artturi Lehkonen - Thunderbirds : 7 - Bears : 2.
16:34 of 3rd period - Tanner Laczynski wins face-off versus Robert Thomas in neutral zone.
16:49 of 3rd period - Slapshot by Calen Addison.
16:49 of 3rd period - Shot Misses the Net.
17:06 of 3rd period - Snap shot by Rasmus Kupari.
17:06 of 3rd period - Stopped by Artyom Zagidulin with a rebound.
18:03 of 3rd period - Ryan Graves is hit by Robert Thomas and loses puck.
18:47 of 3rd period - Noah Gregor is hit by Jesper Pettersson and loses puck.
19:40 of 3rd period - Snap shot by Robert Thomas.
19:40 of 3rd period - Stopped by Artyom Zagidulin without a rebound.
19:41 of 3rd period - Kevin Rooney wins face-off versus Rasmus Kupari in Bears zone.
19:48 of 3rd period - Snap shot by Kevin Rooney.
19:48 of 3rd period - Stopped by Emil Larmi with a rebound.
Goals for this period are 2 for Thunderbirds vs 0 for Bears.
Shots for this period are 13 for Thunderbirds vs 9 for Bears.